 Dungeon Crawl Stone Soup version 0.30-a0-535-g2c0b3469a7 (webtiles) character file.

Game seed: 11711597323927252171

88 Conn the Sneak (level 4, -7/27 HPs)
             Began as an Octopode Fire Elementalist on Dec 25, 2022.
             Killed from afar by Sigmund (12 damage)
             ... with a puff of flame
             ... on level 2 of the Dungeon.
             The game lasted 00:04:48 (1421 turns).

Conn the Sneak (Octopode Fire Elementalist)         Turns: 1421, Time: 00:04:49

Health: -7/27      AC:  1    Str:  7    XL:     4   Next: 53%
Magic:  0/8        EV: 13    Int: 19    God:
Gold:   93         SH:  0    Dex: 12    Spells: 2/8 levels left

rFire   . . .      SeeInvis .    e - +1 spear (venom)
rCold   . . .      Faith    .    (no shield)
rNeg    . . .      Spirit   .    (helmet restricted)
rPois   .          Reflect  .    (no amulet)
rElec   .          Harm     .    (no ring)
rCorr   .          Rampage  .    (no ring)
Will    .....                    (no ring)
Stlth   +++                      (no ring)
HPRegen 0.24/turn                (no ring)
MPRegen 0.11/turn                (no ring)
                                 (no ring)
                                 (no ring)

@: very slightly contaminated
A: almost no armour, amphibious, 8 rings, camouflage 1, gelatinous body 1,
(nimble swimmer 1), tentacles
a: no special abilities


You were on level 2 of the Dungeon.
You visited 1 branch of the dungeon, and saw 2 of its levels.

You collected 93 gold pieces.

Inventory:

Hand Weapons
 c - a +0 short sword
 e - a +1 spear of venom (weapon)
Missiles
 i - 6 poisoned darts
 l - 6 atropa-tipped darts (quivered)
Scrolls
 b - a scroll of noise {unknown}
 d - 2 scrolls of immolation {unknown}
 f - a scroll of identify {unknown}
 g - a scroll of enchant armour {unknown}
 h - a scroll of teleportation {unknown}
 j - 2 scrolls of fog {unknown}
Potions
 a - 3 potions of magic
 k - a potion of haste {unknown}


   Skills:
 + Level 0.2 Fighting
 + Level 1.0 Polearms
 + Level 2.1 Dodging
 + Level 3.9 Stealth
 + Level 2.8 Spellcasting
 + Level 1.3 Conjurations
 + Level 3.5 Fire Magic


You had 2 spell levels left.
You knew the following spells:

 Your Spells              Type           Power      Damage    Failure   Level
a - Foxfire               Conj/Fire      48%        2x1d6     5%          1
b - Kindle Blastsparks    Fire/Tloc/Air  14%        2d11      28%         3
e - Scorch                Fire           32%        2d7       5%          2

Your spell library contained the following spells:

 Spells                   Type           Power      Damage    Failure   Level
 Shock                    Conj/Air       20%        1d4       12%         1
 Slow                     Hex            8%         N/A       16%         1
 Inner Flame              Hex/Fire       9%         N/A       22%         3
 Confusing Touch          Hex            2%         N/A       43%         3
 Swiftness                Air            2%         N/A       43%         3
 Vampiric Draining        Necr           2%         2d6       43%         3
 Flame Wave               Conj/Fire      12%        2d6       50%         4
 Airstrike                Air            1%         2d(1-17)  83%         4


Dungeon Overview and Level Annotations

Branches:
Dungeon (2/15)

Altars:

Shops:
D:2 [

Annotations:
D:2 Sigmund


Innate Abilities, Weirdness & Mutations

You cannot wear most types of armour.
You are amphibious.
You can wear up to eight rings at the same time.
Your skin changes colour to match your surroundings (Stealth+).
Your rubbery body absorbs attacks. (AC +1, EV +1)
((You are camouflaged when in or above water. (Stealth+)))
You have tentacles for arms and can constrict up to eight enemies at once.


Message History

Confirm with . or Enter, or press ? or * to list all spells.
You miscast Foxfire.
You are very lightly contaminated with residual magic.
Nothing appears to happen.
Unknown command.
Casting: Foxfire (safe; 5% risk of failure)
Confirm with . or Enter, or press ? or * to list all spells.
You miscast Foxfire.
Nothing appears to happen.
Unknown command.
Casting: Foxfire (safe; 5% risk of failure)
Confirm with . or Enter, or press ? or * to list all spells.
You miscast Foxfire.
Nothing appears to happen.
Sigmund zaps a wand.
The puff of flame hits you!
Casting: Foxfire (safe; 5% risk of failure)
Confirm with . or Enter, or press ? or * to list all spells.
You conjure some foxfire!
Casting: Foxfire (safe; 5% risk of failure)
Confirm with . or Enter, or press ? or * to list all spells.
Flames lash Sigmund.
Sigmund is severely wounded.
Sigmund's fire resistance burns away.
The foxfire hits Sigmund.
Sigmund is burned terribly!
Sigmund is severely wounded.
The foxfire hits Sigmund but does no damage.
Sigmund is severely wounded.
Sigmund laughs darkly.
Sigmund gestures at you while chanting. The magic dart hits you!
* * * LOW HITPOINT WARNING * * *
Okay, then.
Unknown command.
Unknown command.
Unknown command.
Reach: e) +1 spear (venom)
Press: ? - help, Dir - move target, f - Sigmund
Aim: Sigmund, wielding a +0 scythe, wearing a +0 robe and carrying a wand of flame (13) (severely wounded, more vulnerable to fire, about 43% to evade your +1 spear of venom)
You reach to attack!
You hit Sigmund but do no damage.
Sigmund is poisoned.
Sigmund is severely wounded.
Sigmund zaps a wand.
The puff of flame hits you!
You die...

#.......(.####....
#..##.###.#......
#.8##.# #.#.##.#
#.###..##.###).....#
#..(..∩...†......#
#####..##.###....#
....<...# #..@.#
####..######....#
#.8......@§..#
#..#####!....# ....
#.#....... ####
..###.#### .## .# #.
.# #


You could see Sigmund (very poisoned, combustible).

Vanquished Creatures
  Natasha (twice) (D:2)
  4 endoplasms
  3 giant cockroaches (D:1)
  6 goblins
  4 hobgoblins (D:1)
  2 kobolds (D:1)
  A quokka (D:1)
  3 ball pythons
  5 bats
  3 frilled lizards (D:1)
  3 rats
36 creatures vanquished.

Vanquished Creatures (others)
  64 foxfires
64 creatures vanquished.

Grand Total: 100 creatures vanquished

Notes
Turn   | Place    | Note
-------+----------+-------------------------------------------
     0 | D:1      | Conn the Octopode Fire Elementalist began the quest for the
                  | Orb.
     0 | D:1      | Reached XP level 1. HP: 11/11 MP: 3/3
   261 | D:1      | Reached XP level 2. HP: 17/17 MP: 0/5
   519 | D:1      | Learned a level 2 spell: Scorch
   562 | D:1      | Reached XP level 3. HP: 21/21 MP: 2/6
  1164 | D:1      | Learned a level 3 spell: Kindle Blastsparks
  1317 | D:2      | Noticed Natasha
  1321 | D:2      | Killed Natasha
  1322 | D:2      | Reached XP level 4. HP: 17/27 MP: 6/8
  1389 | D:2      | Noticed Natasha
  1394 | D:2      | Found Byqe Ross's Antique Armour Emporium.
  1397 | D:2      | Killed Natasha
  1398 | D:2      | Reached skill level 1 in Polearms
  1414 | D:2      | Noticed Sigmund
  1421 | D:2      | Killed from afar by Sigmund

Illustrated notes

Levels and vault maps discovered:
D:1:      kilobyte_arrival_exit_the_forest, layout_basic,
          chequers_serial_rivers_small_3, minmay_tromino_i4
D:2:      minmay_thinvault, layout_loops_ring, serial_shops, shop_statue,
          uniq_sigmund, uniq_crazy_yiuf_cottage, uniq_natasha

Skill      XL: |  1  2  3  4 |
---------------+-------------+-----
Stealth        | 3 |  3.9
Polearms       | 1 |  1.0
Fighting       | |  0.2
Dodging        | |  2.1
Spellcasting   | |  2.8
Conjurations   | |  1.3
Fire Magic     | |  3.5

Action                   |  1- 3 |  4- 6 || total
-------------------------+-------+-------++-------
Melee: Spear             |    35 |     4 ||    39
       Constrict         |     5 |     1 ||     6
       Tentacles         |     4 |     1 ||     5
 Cast: Foxfire           |    35 |     4 ||    39
       Scorch            |       |     1 ||     1
 Stab: Sleeping          |     5 |       ||     5
Armor: Skin              |     6 |       ||     6
Dodge: Dodged            |    13 |       ||    13

Table legend: (Time is in decaauts)
 A = Elapsed time spent in this place.
 B = Non-inter-level travel time spent in this place.
 C = Inter-level travel time spent in this place.
 D = Time resting spent in this place.
 E = Time spent auto-exploring this place.
 F = Levels seen in this place.
 G = Mean time per level.
                   A        B        C        D        E       F      G
               +--------+--------+--------+--------+--------+-----+--------+
         Total |   1422 |   1399 |     23 |      0 |    913 |   2 |  711.0 |
       Dungeon |   1422 |   1399 |     23 |      0 |    913 |   2 |  711.0 |
               +--------+--------+--------+--------+--------+-----+--------+

Top non-repeatable levels by time:
     D:1: 1201 daAuts
     D:2: 221 daAuts
